 Dungeon Crawl Stone Soup version 0.21.0 (webtiles) character file.

662 tidbits the Covert (level 7, -1/30 HPs)
             Began as a Felid Earth Elementalist on Jan 6, 2018.
             Was a Follower of Cheibriados.
             Slain by a wyvern (15 damage)
             ... on level 9 of the Dungeon.
             The game lasted 00:23:22 (2047 turns).

tidbits the Covert (Felid Earth Elementalist)       Turns: 2047, Time: 00:23:22

Health: -1/30      AC:  2    Str:  9    XL:     7   Next: 30%
Magic:  10/15      EV: 25    Int: 20    God:    Cheibriados [*.....]
Gold:   137        SH:  0    Dex: 24    Spells: 3/16 levels left
                                        Lives:  0   Deaths: 2

rFire    . . .     SeeInvis +     - Unarmed
rCold    . . .     Gourm    .   (shield unavailable)
rNeg     . . .     Faith    .   (armour unavailable)
rPois    x         Spirit   .   (helmet unavailable)
rElec    .         Reflect  .   (cloak unavailable)
rCorr    .         Harm     .   (gloves unavailable)
MR       +....     Rnd*Rage +   (boots unavailable)
Stlth    +++++.....             (no amulet)
HPRegen  0.10/turn              W - ring of wizardry
MPRegen  0.14/turn              l - ring of stealth

@: spider-form, very slow
A: tiny, no armour, no weapons or thrown items, stealth, see invisible, berserk
1, carnivore, slow metabolism 1
a: End Transformation, Bend Time, Renounce Religion


You were on level 9 of the Dungeon.
You worshipped Cheibriados.
Cheibriados was aware of your devotion.
You were completely stuffed.
You were a venomous arachnid creature.
You visited 2 branches of the dungeon, and saw 11 of its levels.
You also visited: Sewer.

You collected 189 gold pieces.
You spent 52 gold pieces at shops.

Inventory:

Missiles
 b - 68 stones
 f - 34 arrows
Jewellery
 l - a ring of stealth (right front leg)
   (You found it on level 4 of the Dungeon)
 W - a ring of wizardry (left front leg)
   (You found it on level 3 of the Dungeon)
Scrolls
 i - a scroll of identify
 k - 4 scrolls of immolation
 q - a scroll of fog
 r - 2 scrolls of remove curse
Potions
 a - a potion of brilliance
 e - 2 potions of flight
 g - a potion of mutation {!q}
 h - 3 potions of curing
 m - a potion of agility {unknown}
Books
 d - a book of Geomancy

   Spells                             Type                      Level
   a - Sandblast                      Earth                        1
   b - Passwall                       Transmutation/Earth          2
   c - Stone Arrow                    Conjuration/Earth            3
   d - Petrify                        Transmutation/Earth          4
   e - Lee's Rapid Deconstruction     Earth                        5
 j - a book of Changes
   (You found it on level 7 of the Dungeon)

   Spells                             Type                      Level
   a - Beastly Appendage              Transmutation                1
   b - Sticks to Snakes               Transmutation                2
   c - Spider Form                    Transmutation/Poison         3
   d - Ice Form                       Ice/Transmutation            4
   e - Blade Hands                    Transmutation                5
Comestibles
 c - 4 rations


   Skills:
 + Level 2.8 Fighting
 + Level 4.9 Dodging
 + Level 8.2 Stealth
 * Level 5.5 Unarmed Combat
 - Level 5.1 Spellcasting
 - Level 1.1 Transmutations
 - Level 2.6 Earth Magic
 - Level 2.0 Invocations


You had 3 spell levels left.
You knew the following spells:

 Your Spells              Type           Power        Failure   Level  Hunger
a - Sandblast             Erth           ###...       4%          1    None
b - Beastly Appendage     Tmut           #.....       9%          1    None
e - Petrify               Tmut/Erth      ##......     34%         4    ####...
h - Spider Form           Tmut/Pois      #.........   22%         3    ##.....
k - Sticks to Snakes      Tmut           #.......     11%         2    None
p - Passwall              Tmut/Erth      ##........   9%          2    None


Dungeon Overview and Level Annotations

Branches:
Dungeon (10/15)            Temple (1/1) D:4             Orc (0/2) D:9
   Lair: D:8-11

Altars:
Ashenzari
Cheibriados
Dithmenos
Elyvilon
Fedhas
Gozag
Hepliaklqana
Kikubaaqudgha
Makhleb
Nemelex Xobeh
Okawaru
Qazlal
Sif Muna
Trog
Uskayaw
Vehumet
Wu Jian
Yredelemnul
The Shining One

Shops:
D:4 =!=[[   D:8 [

Annotations:
D:8 exclusion: orc wizard


Innate Abilities, Weirdness & Mutations

You cannot wear armour.
You are incapable of wielding weapons or throwing items.
Your paws allow you to move quietly. (Stealth)
((You have sharp claws.))
((You have razor-sharp teeth.))
You have supernaturally acute eyesight. (SInv)
You are carnivorous and can eat meat at any time.
((You cover ground quickly.))
((You are covered in thick fur. (AC +2)))
You have a slow metabolism.
((Your sharp claws are effective at attacking unaware monsters.))
((You have a pair of small horns on your head.))
((You are partially covered in yellow scales. (AC +2)))
You tend to lose your temper in combat.


Message History

You hit the orc priest.
The orc priest is lightly wounded.
The orc priest misses you.
You hit the orc priest.
The orc priest is heavily wounded.
Your transformation has ended.
Your adder bites the orc priest.
Your adder bites the orc priest but does no damage.
The orc priest hits your adder with a whip of holy wrath.
Your adder closely misses the orc priest.
You scratch the orc priest. You headbutt the orc priest.
You bite the orc priest.
You kill the orc priest!
Cheibriados appreciates the change of pace.
Your Spellcasting skill increases to level 5!
Things that are here:
a whip of holy wrath; a leather armour; an orc corpse You butcher the orc corpse.
Your adder withers and dies!
Things that are here:
a whip of holy wrath; a leather armour; 2 chunks of flesh Eat one of 2 chunks of flesh? (ye/n/q)
You eat one of the 2 chunks of flesh.
This raw flesh tastes great.
Your magical contamination has completely faded away.
Eat a chunk of flesh? (ye/n/q)
You eat the chunk of flesh.
This raw flesh tastes great.
Your adder withers and dies!
You see here an orc corpse.
You butcher the orc corpse.
You see here 4 chunks of flesh.
Eat one of 4 chunks of flesh? (ye/n/q)
You eat one of the 4 chunks of flesh.
This raw flesh tastes great.
Eat one of 3 chunks of flesh? (ye/n/q)
You eat one of the 3 chunks of flesh.
This raw flesh tastes great.
Things that are here:
a dagger of protection; a robe; an orc corpse
Things that are here:
a whip; a ring mail
Found a staircase to the Orcish Mines.
This spell is slightly dangerous to cast.
Memorise Petrify, consuming 4 spell levels and leaving 3?
You start memorising the spell.
You continue memorising. x4
You finish memorising.
Spell assigned to 'b'.
Adjust (i)tems, (s)pells, or (a)bilities?
Adjust which spell? b - Petrify Adjust to which letter? e - Petrify; b - Beastly Appendage
Found a stone staircase leading down.
There is a staircase to the Orcish Mines here.
There is a stone staircase leading down here.
You climb downwards. 5 killer bees and a zombie come into view.
There is a stone staircase leading up here.
The killer bee buzzes angrily. x4
The killer bee completely misses you. The killer bee misses you.
The killer bee completely misses you. The killer bee misses you. x2
You climb upwards.
There is a stone staircase leading down here.
Found a metallic amethyst potion.
Found a whip.
A wyvern comes into view.
Found a black potion.
You see here a metallic amethyst potion.
Unknown command.
m - a metallic amethyst potion
Casting: Spider Form
Confirm with . or Enter, or press ? or * to list all spells.
You turn into a venomous arachnid creature.
The wyvern hisses angrily.
Casting: Spider Form
Confirm with . or Enter, or press ? or * to list all spells.
You create a snake!
You now have 34 arrows.
The wyvern completely misses you. The wyvern bites you!
You bite the wyvern!
The wyvern is poisoned.
The wyvern is moderately wounded.
Your ball python closely misses the wyvern.
The wyvern closely misses you.
You hit the wyvern but do no damage.
The wyvern looks as sick as possible!
The wyvern is moderately wounded.
Your ball python bites the wyvern.
The wyvern completely misses you.
You completely miss the wyvern.
The wyvern is moderately wounded.
The wyvern completely misses you.
Your ball python bites the wyvern.
The wyvern closely misses you.
You bite the wyvern!
The wyvern looks as sick as possible!
The wyvern is severely wounded.
Your ball python bites the wyvern but does no damage.
The wyvern bites your ball python.
Your ball python bites the wyvern but does no damage.
You hit the wyvern but do no damage.
The wyvern looks as sick as possible!
The wyvern is severely wounded.
The wyvern bites you!
* * * LOW HITPOINT WARNING * * *
Your ball python bites the wyvern but does no damage.
You hit the wyvern but do no damage.
The wyvern is severely wounded.
The wyvern closely misses you. The wyvern bites you!
Ouch! That really hurt!
You die...

...................#
#.
..........#######..#
#. ...#####..# #...
... . #..# .... #..#
...... #..#####..#
......
#.........######
......
#.......l.......
#.!#####sS...... #
#........ #........
#........ .........
......... #........
#........


You could see a wyvern and a friendly ball python.

Vanquished Creatures
  A hungry ghost (D:8)
  A black bear (D:8)
  2 sky beasts
  A phantom (D:6)
  2 ogres (D:6)
  2 centaurs
  2 bullfrogs
  2 scorpions (D:5)
  A howler monkey (D:6)
  3 orc priests
  An orc wizard (D:9)
  3 iguanas
  3 worker ants
  3 gnolls (D:6)
  6 adders
  A howler monkey skeleton (D:4)
  2 shadow imps
  A dart slug (D:4)
  6 leopard geckos
  4 orcs
  A ball python (D:2)
  3 giant cockroaches
  3 goblins
  2 hobgoblins (D:3)
  2 kobolds
  A quokka (D:6)
  3 bats
  2 frilled lizards (Sewer)
  A quokka skeleton (D:4)
  A quokka zombie (D:6)
  4 rats
70 creatures vanquished.

Vanquished Creatures (collateral kills)
  A howler monkey (D:9)
  An orc priest (D:9)
2 creatures vanquished.

Grand Total: 72 creatures vanquished

Notes
Turn   | Place    | Note
-------+----------+-------------------------------------------
     0 | D:1      | tidbits the Felid Earth Elementalist began the quest for the Orb.
     0 | D:1      | Reached XP level 1. HP: 7/7 MP: 4/4
    65 | D:1      | Reached skill level 3 in Stealth
    95 | D:1      | Reached skill level 1 in Unarmed Combat
   129 | D:2      | Reached XP level 2. HP: 9/11 MP: 4/6
   133 | D:2      | Learned a level 2 spell: Passwall
   195 | D:3      | Found a white marble altar of Elyvilon.
   271 | D:2      | Noticed an orc warrior
   394 | D:3      | Gained mutation: You tend to lose your temper in combat. [potion of mutation]
   394 | D:3      | Gained mutation: You are partially covered in yellow scales. (AC +2) [potion of mutation]
   394 | D:3      | Gained mutation: You have a pair of small horns on your head. [potion of mutation]
   397 | D:3      | Reached skill level 4 in Stealth
   402 | D:3      | Reached XP level 3. HP: 12/14 MP: 1/7
   405 | D:3      | Found a glowing drain.
   411 | Sewer    | Entered a sewer
   435 | Sewer    | Reached skill level 2 in Unarmed Combat
   770 | D:4      | Found a staircase to the Ecumenical Temple.
   780 | Temple   | Entered the Ecumenical Temple
   887 | D:4      | Found an iron altar of Okawaru.
   894 | D:4      | Found an ancient bone altar of Kikubaaqudgha.
   898 | D:4      | Found a snail-covered altar of Cheibriados.
   911 | D:4      | Became a worshipper of Cheibriados the Contemplative
   974 | D:4      | Found Oxikliuk's Jewellery Shop.
   992 | D:4      | Found Wibb's Distillery.
  1000 | D:4      | Bought a potion of curing for 39 gold pieces
  1000 | D:4      | Bought a potion of degeneration for 13 gold pieces
  1008 | D:4      | Found Zuokh's Jewellery Shop.
  1008 | D:4      | Reached XP level 4. HP: 18/18 MP: 5/8
  1015 | D:4      | Found Oseklauh's Antique Armour Emporium.
  1050 | D:4      | Reached skill level 5 in Stealth
  1052 | D:4      | Found Xunopety's Antique Armour Emporium.
  1094 | D:5      | Entered Level 5 of the Dungeon
  1107 | D:5      | Reached skill level 3 in Unarmed Combat
  1107 | D:5      | Reached XP level 5. HP: 15/21 MP: 2/9
  1133 | D:5      | Reached skill level 6 in Stealth
  1199 | D:6      | Noticed an ogre
  1200 | D:6      | Killed an ogre
  1200 | D:6      | Reached skill level 4 in Unarmed Combat
  1200 | D:6      | Gained mutation: You are covered in thick fur. (AC +2) [Felid growth]
  1200 | D:6      | Reached XP level 6. HP: 16/24 MP: 2/10
  1252 | D:6      | Reached skill level 3 in Dodging
  1252 | D:6      | Reached skill level 7 in Stealth
  1317 | D:7      | Noticed an orc warrior
  1335 | D:7      | Reached skill level 1 in Fighting
  1339 | D:7      | Learned a level 1 spell: Beastly Appendage
  1354 | D:6      | Learned a level 2 spell: Sticks to Snakes
  1416 | D:5      | Learned a level 3 spell: Spider Form
  1427 | D:5      | Reached XP level 7. HP: 18/29 MP: 4/11
  1564 | D:6      | Reached skill level 2 in Fighting
  1564 | D:6      | Reached skill level 4 in Dodging
  1590 | D:6      | Reached * piety under Cheibriados
  1590 | D:6      | Reached skill level 2 in Invocations
  1633 | D:7      | Reached skill level 5 in Unarmed Combat
  1657 | D:8      | Reached skill level 8 in Stealth
  1683 | D:8      | Noticed a hungry ghost
  1707 | D:8      | Killed a hungry ghost
  1707 | D:8      | Reached XP level 8. HP: 6/34 MP: 8/12
  1717 | D:8      | Found Seabb's Armour Emporium.
  1768 | D:9      | Reached skill level 3 in Spellcasting
  1845 | D:8      | Noticed a two-headed ogre
  1848 | D:8      | Slain by a two-headed ogre
  1849 | D:8      | Reached XP level 7. HP: -2/30 MP: 10/12
  1877 | D:8      | Annihilated by a two-headed ogre
  1878 | D:8      | Reached XP level 6. HP: -26/27 MP: 10/11
  1904 | D:8      | Noticed a sky beast
  1908 | D:8      | Found an ornate altar of the Wu Jian Council.
  1924 | D:8      | Killed a sky beast
  1924 | D:8      | Reached skill level 4 in Spellcasting
  1931 | D:8      | Reached XP level 7. HP: 21/30 MP: 5/14
  1977 | D:9      | Reached skill level 5 in Spellcasting
  1996 | D:9      | Found a staircase to the Orcish Mines.
  2002 | D:9      | Learned a level 4 spell: Petrify
  2012 | D:10     | Entered Level 10 of the Dungeon
  2015 | D:9      | Noticed an angel
  2033 | D:9      | Noticed a wyvern
  2047 | D:9      | Slain by a wyvern

Skill      XL: |  1  2  3  4  5  6  7  8 |
---------------+-------------------------+-----
Stealth        | 3 4 5 6 7 8 |  8.2
Unarmed Combat | 1 2 3 4 5 |  5.5
Dodging        | 3 4 |  4.9
Fighting       | 1 2 |  2.8
Invocations    | 2 |  2.0
Spellcasting   | 4 5 3 |  5.1
Transmutations | |  1.1
Earth Magic    | |  2.6

Action                   |  1- 3 |  4- 6 |  7- 9 || total
-------------------------+-------+-------+-------++-------
Melee: Unarmed           |    20 |    31 |    77 ||   128
       Bite              |     1 |       |     1 ||     2
       Headbutt          |       |     1 |     1 ||     2
 Cast: Sandblast         |    32 |    39 |       ||    71
       Passwall          |     5 |     1 |       ||     6
       Spider Form       |       |     2 |    14 ||    16
       Sticks to Snakes  |       |     1 |    11 ||    12
Invok: Bend Time         |       |       |     1 ||     1
Evoke: Wand              |       |     4 |     6 ||    10
  Use: Potion            |     2 |     1 |     6 ||     9
       Scroll            |     5 |     7 |     3 ||    15
 Stab: Sleeping          |     7 |    10 |     2 ||    19
       Distracted        |       |       |     1 ||     1
  Eat: Chunk             |     2 |     2 |    13 ||    17
       Ration            |       |       |     1 ||     1
Armor: Skin              |     3 |     1 |     2 ||     6
Dodge: Dodged            |    37 |    53 |   104 ||   194

Table legend:
 A = Turns spent in this place as a percentage of turns spent in the entire game.
 B = Non-inter-level travel turns spent in this place as a percentage of non-inter-level travel turns spent in the entire game.
 C = Inter-level travel turns spent in this place as a percentage of turns spent in this place.
 D = Turns resting spent in this place as a percentage of non-inter-level travel turns spent in this place.
 E = Turns spent auto-exploring this place as a percentage of non-inter-level travel turns spent in this place.
 F = Non-inter-level travel turns spent in this place divided by the number of levels of this place that you've seen.
                   A       B       C       D       E      F
               +-------+-------+-------+-------+-------+----------------------
         Total | 100.0 | 100.0 |   0.0 |   0.0 |   0.0 | 170.6
       Dungeon |  89.4 |  89.4 |   0.0 |   0.0 |   0.0 | 182.9
        Temple |   2.7 |   2.7 |   0.0 |   0.0 |   0.0 |  56.0
         Sewer |   7.9 |   7.9 |   0.0 |   0.0 |   0.0 | 162.0
               +-------+-------+-------+-------+-------+----------------------

Table legend:
 A = Kills in this place as a percentage of kills in entire the game.
 B = Kills by you in this place as a percentage of kills by you in the entire game.
 C = Kills by friends in this place as a percentage of kills by friends in the entire game.
 D = Other kills in this place as a percentage of other kills in the entire game.
 E = Experience gained in this place as a percentage of experience gained in the entire game.
 F = Experience gained in this place divided by the number of levels of this place that you have seen.
                   A       B       C       D       E      F
               +-------+-------+-------+-------+-------+----------------------
         Total | 100.0 | 100.0 | 100.0 |   N/A | 100.0 | 180.4
       Dungeon |  94.4 |  94.3 | 100.0 |   N/A |  98.7 | 213.7
         Sewer |   5.6 |   5.7 |   0.0 |   N/A |   1.3 |  28.0
               +-------+-------+-------+-------+-------+----------------------

Vault maps used:
D:1:      mrwooster_arrival_statue_3, kennysheep_boxes
D:2:      nicolae_ru_path_of_blood, uniq_robin
D:3:      elyvilon_altar_5, gup_sewer_entry_pipe, first_ration
D:4:      minmay_overflow_temple_star_quad, temple_doors_e, serial_shops, shop,
          kennysheep_little_box, shop_fountains, kennysheep_mini,
          nicolae_shop_statue_plus
D:7:      the_bakery
D:8:      lemuel_doored_altar, serial_shops, nicolae_shop_window_shopping
D:9:      grunt_temple_overflow_order_and_chaos_1, orc_0_dummy
D:10:     basic_altar, nicolae_trove_entry_diagonal, lemuel_old_faithful
Temple:   zaba_magenta_temple
Sewer:    sewer_co_purgy_island
